 Dungeon Crawl Stone Soup version 0.23.0 (console) character file.

Game seed: 12998394462583212864

1502484 stickyfingers the Cultivator (level 27, 141/182 HPs)
             Began as a Kobold Summoner on Feb 11, 2019.
             Was a Believer of Fedhas.
             Escaped with the Orb
             ... and 3 runes on Feb 12, 2019!
             The game lasted 06:40:40 (86493 turns).

stickyfingers the Cultivator (Kobold Summoner)     Turns: 86493, Time: 06:40:41

Health: 141/182    AC: 32    Str: 16    XL:     27
Magic:  17/42      EV: 32    Int: 20    God:    Fedhas [**....]
Gold:   7468       SH:  7    Dex: 18    Spells: 11/34 levels left

rFire    + . .     SeeInvis .   a - +9 demon whip (drain)
rCold    . . .     Gourm    .   G - +0 buckler {rF+}
rNeg     . . .     Faith    .   m - quicksilver dragon scales
rPois    .         Spirit   .   n - +2 helmet {Int+3}
rElec    .         Reflect  .   i - +2 cloak {MR+}
rCorr    .         Harm     .   k - +2 pair of gloves
MR       ++++.                  b - +2 pair of boots of the Assassin {Detection Stab+ Stlth++}
Stlth    +++.......             (no amulet)
HPRegen  0.40/turn              q - ring of flight
MPRegen  0.28/turn              O - ring of the Octopus King {MP+9 AC+1 EV+1 Str+1 Int+1 Dex+1, =R}

@: very slightly contaminated
A: small, carnivore, dopey 1, low mp 1
0: Orb of Zot
}: 3/15 runes: barnacled, slimy, gossamer
a: Fungal Bloom, Sunlight, Evolution, Renounce Religion, Evoke Flight


You escaped.
You worshipped Fedhas.
Fedhas was pleased with you.
You were very hungry.

You visited 10 branches of the dungeon, and saw 51 of its levels.
You visited the Abyss 1 time.
You also visited: Sewer, Ice Cave and Volcano.

You collected 8438 gold pieces.
You spent 970 gold pieces at shops.

Inventory:

Hand Weapons
 a - a +9 demon whip of draining (weapon)
   (You took it off an infernal demonspawn on level 2 of the Orcish Mines)
 c - a +0 blowgun
   (You took it off a kobold on level 11 of the Dungeon)
Missiles
 d - 15 curare-tipped needles
 g - 1413 stones (quivered)
 P - 5 throwing nets
Armour
 b - the +2 pair of boots of the Assassin (worn) {Detection Stab+ Stlth++}
   (You found it on level 4 of the Realm of Zot)

   It makes you much more stealthy.
 i - a +2 cloak of magic resistance (worn)
   (You took it off Maurice on level 8 of the Dungeon)
 k - a +2 pair of gloves (worn)
   (You found it on level 1 of the Lair of Beasts)
 m - quicksilver dragon scales (worn)
   (You found it on level 4 of the Depths)
 n - a +2 helmet of intelligence (worn)
   (You acquired it on level 8 of the Dungeon)
 G - a +0 buckler of fire resistance (worn)
   (You found it on level 2 of the Lair of Beasts)
Jewellery
 f - the ring of Culumen {+Blink +Inv rPois Dex-2 Stlth+}
   (You took it off a white draconian on level 2 of the Realm of Zot)

   [ring of stealth]

   It affects your dexterity (-2).
   It protects you from poison.
   It lets you turn invisible.
   It lets you blink.
   It makes you more stealthy.
 q - a ring of flight (left hand)
   (You found it on level 1 of the Vaults)
 t - an uncursed amulet of guardian spirit
   (You found it on level 7 of the Dungeon)
 u - an uncursed ring of protection from fire
   (You found it on level 3 of the Dungeon)
 F - an uncursed ring of resist corrosion
   (You found it on level 4 of the Shoals)
 K - an uncursed ring of protection from cold
   (You found it on level 4 of the Realm of Zot)
 O - a ring of the Octopus King (right hand) {MP+9 AC+1 EV+1 Str+1 Int+1 Dex+1, =R}
   (You found it on level 5 of the Pits of Slime)

   [ring of magical power]

   It affects your AC (+1).
   It affects your evasion (+1).
   It affects your strength (+1).
   It affects your intelligence (+1).
   It affects your dexterity (+1).
   It affects your magic capacity (+9).
 U - a +4 ring of evasion
   (You took it off a tengu warrior on level 3 of the Depths)
 W - an uncursed amulet of faith
   (You found it on level 2 of the Dungeon)
 X - an uncursed ring of see invisible
   (You found it on level 5 of the Pits of Slime)
Wands
 e - a wand of digging (4)
   (You bought it in a shop on level 1 of the Orcish Mines)
 j - a wand of iceblast (32)
   (You took it off Maurice on level 8 of the Dungeon)
 o - a wand of acid (11)
   (You found it on level 8 of the Dungeon)
 R - a wand of clouds (11)
   (You took it off an orc warrior on level 1 of the Orcish Mines)
 V - a wand of disintegration (27)
   (You took it off a wight on level 7 of the Dungeon)
 Y - a wand of paralysis (6)
   (You found it on level 2 of the Depths)
Scrolls
 l - 7 scrolls of blinking
 B - 15 scrolls of identify
 C - 7 scrolls of fog
 D - 21 scrolls of teleportation
 E - 15 scrolls of remove curse
 I - 3 scrolls of summoning
 J - 9 scrolls of vulnerability
 M - 4 scrolls of fear
 T - 5 scrolls of silence
Potions
 h - 10 potions of haste
 s - 8 potions of might
 y - 5 potions of magic
 A - 21 potions of curing
 L - a potion of cancellation
 Q - 7 potions of mutation
 S - 2 potions of heal wounds
 Z - 7 potions of resistance
Miscellaneous
 p - a fan of gales
   (You found it on level 1 of the Shoals)
 r - 2 phantom mirrors
 v - a lightning rod (4/4)
   (You found it on level 1 of the Depths)
 w - 2 sacks of spiders
 x - a lamp of fire
   (You found it on level 3 of the Depths)
 H - a phial of floods
   (You found it on level 2 of the Lair of Beasts)
 N - a box of beasts
Comestibles
 z - 8 rations


   Skills:
 - Level 21.0 Fighting
   Level 6.0 Short Blades
 - Level 14.0 Maces & Flails
 - Level 17.5 Armour
 - Level 21.0 Dodging
 - Level 12.0 Stealth
 - Level 5.8 Shields
 - Level 4.0 Spellcasting
 - Level 6.0 Hexes
 - Level 7.0 Charms
 - Level 6.0 Summonings
 - Level 6.0 Necromancy
 - Level 6.0 Translocations
 - Level 21.1 Invocations
 + Level 17.9 Evocations


You had 11 spell levels left.
You knew the following spells:

 Your Spells              Type           Power        Failure   Level  Hunger
a - Apportation           Tloc           ####..       1%          1    None
b - Spectral Weapon       Hex/Chrm       ####....     3%          3    ###....
d - Call Canine Familiar  Summ           ####....     4%          3    ###....
g - Shroud of Golubria    Chrm/Tloc      ####......   1%          2    #......
o - Ozocubu's Armour      Chrm/Ice       ###.....     13%         3    ###....
r - Regeneration          Chrm/Necr      ####......   3%          3    ###....
w - Tukima's Dance        Hex            ####....     4%          3    ###....
B - Blink                 Tloc           N/A          2%          2    #......
F - Summon Butterflies    Summ           ####....     1%          1    None
N - Song of Slaying       Chrm           ####....     1%          2    #......

Your spell library contained the following spells:

 Spells                   Type           Power        Failure   Level  Hunger
 Animate Skeleton         Necr           N/A          1%          1    None
 Confusing Touch          Hex            ####..       1%          1    None
 Corona                   Hex            ####...      1%          1    None
 Infusion                 Chrm           ####         1%          1    None
 Summon Small Mammal      Summ           ####         1%          1    None
 Call Imp                 Summ           ####....     2%          2    #......
 Corpse Rot               Necr           N/A          2%          2    #......
 Slow                     Hex            ####....     2%          2    #......
 Sublimation of Blood     Necr           ####......   2%          2    #......
 Gell's Gravitas          Tloc           ####......   4%          3    ###....
 Lesser Beckoning         Tloc           ####......   4%          3    ###....
 Portal Projectile        Hex/Tloc       ####..       4%          3    ###....
 Recall                   Summ/Tloc      N/A          4%          3    ###....
 Summon Guardian Golem    Hex/Summ       ####....     4%          3    ###....
 Teleport Other           Tloc           ####....     4%          3    ###....
 Dazzling Spray           Conj/Hex       ###...       16%         3    ###....
 Inner Flame              Hex/Fire       ###.....     16%         3    ###....
 Cause Fear               Hex            ####......   16%         4    ####...
 Freeze                   Ice            #...         19%         1    None
 Magic Dart               Conj           #...         19%         1    None
 Sting                    Conj/Pois      #...         19%         1    None
 Poisonous Vapours        Pois/Air       #.....       28%         2    #......
 Searing Ray              Conj           #.....       28%         2    #......
 Throw Frost              Conj/Ice       #.....       28%         2    #......
 Aura of Abjuration       Summ           ####......   41%         5    ######.
 Summon Demon             Summ           ####......   41%         5    ######.
 Summon Forest            Summ/Tloc      ####......   41%         5    ######.
 Summon Mana Viper        Hex/Summ       ####....     41%         5    ######.
 Force Lance              Conj/Tloc      ###.....     47%         4    ####...
 Fulminant Prism          Conj/Hex       ###.......   47%         4    ####...
 Leda's Liquefaction      Hex/Erth       ###.......   47%         4    ####...
 Summon Ice Beast         Ice/Summ       ###.....     47%         4    ####...
 Summon Lightning Spire   Summ/Air       ###.....     47%         4    ####...
 Conjure Flame            Conj/Fire      #.......     50%         3    ###....
 Ignite Poison            Fire/Tmut/Pois #.......     50%         3    ###....
 Mephitic Cloud           Conj/Pois/Air  #.......     50%         3    ###....
 Spider Form              Tmut/Pois      #.........   50%         3    ###....
 Stone Arrow              Conj/Erth      #.....       50%         3    ###....
 Iskenderun's Mystic Bla  Conj           #.......     88%         4    ####...
 Olgreb's Toxic Radiance  Pois           #.......     88%         4    ####...
 Petrify                  Tmut/Erth      #.......     88%         4    ####...
 Throw Icicle             Conj/Ice       #.......     88%         4    ####...
 Invisibility             Hex            ####....     94%         6    #######
 Shadow Creatures         Summ           N/A          94%         6    #######
 Alistair's Intoxication  Tmut/Pois      #.......     99%         5    ######.
 Bolt of Magma            Conj/Fire/Erth #.........   99%         5    ######.
 Irradiate                Conj/Tmut      #.........   99%         5    ######.
 Venom Bolt               Conj/Pois      #.........   99%         5    ######.
 Hydra Form               Tmut           #.........   100%        6    #######
 Iron Shot                Conj/Erth      #.........   100%        6    #######
 Statue Form              Tmut/Erth      #........    100%        6    #######
 Summon Hydra             Summ           ####......   100%        7    #######
 Shatter                  Erth           #.........   100%        9    #######
 Passage of Golubria      Tloc           Unusable     N/A         4    N/A

Dungeon Overview and Level Annotations

Branches:
Dungeon (15/15)            Temple (1/1) D:5            Lair (6/6) D:8
 Shoals (4/4) Lair:3       Spider (4/4) Lair:3        Slime (5/5) Lair:6
    Orc (2/2) D:11            Elf (0/3) Orc:2        Vaults (4/5) D:14
  Crypt (0/3) Vaults:3     Depths (5/5) D:15            Zot (5/5) Depths:5

Altars:
Ashenzari
Cheibriados
Dithmenos
Fedhas
Gozag
Hepliaklqana
Makhleb
Okawaru
Qazlal
Ru
Sif Muna
Trog
Uskayaw
Vehumet
Wu Jian
Xom
Yredelemnul
Zin
The Shining One
Beogh
Jiyva

Shops:
D:4 *   Orc:1 *[*   Orc:2 %(:   Shoals:3 [   Vaults:2 *   Vaults:4 ?

Portals:
Hell: Depths:1 Depths:2 Depths:3 Depths:4 Depths:5
Abyss: Depths:2 Depths:4
Pandemonium: Orc:2 Depths:1 Depths:2 Depths:3 Depths:4
Ziggurat: Depths:3

Annotations:
Vaults:1 passw
Depths:1 frimble's ghost, adept DsGl
Zot:1 1 exclusion
Zot:2 exclusion: downstairs
Zot:3 exclusions: downstairs and upstairs
Zot:4 exclusions: obsidian statue and upstairs
Zot:5 1 exclusion


Innate Abilities, Weirdness & Mutations

You are small and have problems with some larger weapons.
You are carnivorous and can eat meat at any time.
You are dopey. (Int -2)
Your magical capacity is low. (-10% MP)


Message History

Fedhas protects your plant from harm. x3
The splash of acid hits the Hell Sentinel!
The Hell Sentinel is splashed with acid.
The acid corrodes the Hell Sentinel!
Your oklob plant spits acid at the Hell Sentinel.
Fedhas protects your plant from harm. x2
The splash of acid hits the Hell Sentinel.
The Hell Sentinel is splashed with acid!
The acid corrodes the Hell Sentinel!
Your oklob plant spits acid at the Hell Sentinel.
Fedhas protects your plant from harm.
The splash of acid hits the Hell Sentinel but does no damage.
The Hell Sentinel gestures at your oklob plant.
The iron shot hits your wandering mushroom!!!
Your wandering mushroom is destroyed!
You feel a little guilty.
Unknown command.
Your oklob plant spits acid at the Hell Sentinel.
The splash of acid hits the Hell Sentinel.
The Hell Sentinel is splashed with acid.
The acid corrodes the Hell Sentinel!
Your oklob plant spits acid at the Hell Sentinel.
Fedhas protects your plant from harm.
The splash of acid hits the Hell Sentinel but does no damage.
Your oklob plant spits acid at the Hell Sentinel.
Fedhas protects your plant from harm.
The splash of acid hits the Hell Sentinel.
The Hell Sentinel is splashed with acid.
The acid corrodes the Hell Sentinel!
Your oklob plant spits acid at the Hell Sentinel.
Fedhas protects your plant from harm. x2
The splash of acid hits the Hell Sentinel!
The Hell Sentinel is splashed with acid.
The acid corrodes the Hell Sentinel!
The Hell Sentinel dies!
Your oklob plant spits acid at your oklob plant.
Fedhas protects your plant from harm.
Your oklob plant spits acid at something.
Unknown command.
Your oklob plant spits acid at the hell hog.
The splash of acid misses the hell hog.
Your oklob plant spits acid at the hell hog.
Fedhas protects your plant from harm.
The splash of acid hits the hell hog!
The hell hog is splashed with acid!
The acid corrodes the hell hog!
Your oklob plant spits acid at the hell hog.
The splash of acid hits the hell hog!
The hell hog is splashed with acid.
The acid corrodes the hell hog!
Your oklob plant spits acid at the hell hog.
Fedhas protects your plant from harm. x2
The splash of acid hits the hell hog!
The hell hog is splashed with acid.
The hell hog dies!
Your skin stops crawling.
Some toadstools grow from a nearby corpse.
Fedhas appreciates your contribution to the ecosystem.
Select plant or fungus to evolve.
Press: ? - help, Dir - move target cursor, f - toadstool
Aim: a toadstool (peaceful, can evolve into a wandering mushroom)
The floor.
The toadstool can now pick up its mycelia and move.
Your piety has decreased.
Select plant or fungus to evolve.
Press: ? - help, Dir - move target cursor, f - toadstool, p - wandering mushroom
Aim: a toadstool (peaceful, can evolve into a wandering mushroom)
The floor.
The toadstool can now pick up its mycelia and move.
Your piety has decreased.
Select plant or fungus to evolve.
Press: ? - help, Dir - move target cursor, f - toadstool, p - wandering mushroom
Aim: a toadstool (peaceful, can evolve into a wandering mushroom)
The floor.
The toadstool can now pick up its mycelia and move.
You can no longer cause a ring of plants to grow.
Your piety has decreased.
You swap places.
There is an open door, spattered with blood here.
What are your orders? t - Shout!
Orders for allies: a - Attack new target. p - Attack previous target. r - Retreat! s - Stop attacking. g - Guard the area. f - Follow me.
Anything else - Cancel.
Follow me!
Unknown command.
You swap places.
You swap places.
You sense a monster nearby.
You see here a hell hog skeleton.
Unknown command.
You swap places.
You swap places.
There is an open door, spattered with blood here.
Things that are here:
a +0 scale mail; a +2 demon trident of flaming; a torturous demonspawn skeleton
Things that are here:
a +0 scale mail; a +0 large shield; a +5 long sword of holy wrath You feel a bit more experienced.
You see here an arrow.
There is a staircase leading out of the dungeon here.
You have escaped!

######....≈h#
#....≈≈##########
#.P..≈≈.≈≈.≈P.≈≈##
######....≈≈########≈.#
h........#'## #..#
......#..#.# ####..#
.........#.## #.....#
#....*...h..## #....##
#..........#.####....#
#..........##.##8....#
#####'#{######.#@....#
#.#{# ##.8f...#
#)##########.f...#
##.....≈≈.≈≈##..f(#
####÷#########≈##....#
..÷..#########.#####f#
PP.).'[[....ff.#####f#
P.÷.f#########{.f{...#
PPP..# ######### .....#
.....#


You could see 5 friendly wandering mushrooms.

Vanquished Creatures
  the Royal Jelly (Slime:5)
  A pandemonium lord (D:1)
  An ancient lich (Depths:3)
  5 juggernauts (Depths:3 Depths:4)
  A greater mummy (Depths:1)
  A caustic shrike (Depths:3)
  Xtahua (Depths:5)
  8 golden dragons (Depths:2 Depths:3 Depths:5 Zot:2 Zot:5)
  A profane servitor (D:7)
  Nikola (Depths:1)
  6 electric golems (Zot:4 Zot:5)
  3 bone dragons (Abyss:2 Depths:5 Zot:2)
  3 liches (Depths:1 Zot:1 D:1)
  5 quicksilver dragons (Depths:2 Depths:4 Zot:1 Zot:2 Zot:5)
  A kraken (Shoals:2)
  19 tentacled monstrosities (Depths:2 Depths:3 Depths:4 Depths:5 Zot:1)
  A death cob (Depths:5)
  21 Orb Guardians (Zot:5 Depths:1 D:1)
  14 acid blobs (Slime:1 Slime:3 Slime:4 Slime:5)
  3 titans (Depths:3 Zot:2)
  4 sphinxes (Vaults:2 Depths:3)
  Kirke (D:12)
  4 tengu reavers (Depths:2 Depths:3 Depths:4)
  9 storm dragons (Depths:5 Zot:2 Zot:3 Zot:5 Zot:4)
  Roxanne (Spider:3)
  6 shadow dragons (Depths:2 Depths:4 Zot:1 Zot:4)
  A draconian monk (Zot:4)
  Ilsuiw (Shoals:2)
  5 draconian knights (Depths:5 Zot:4)
  6 azure jellies (Slime:1 Slime:4 Slime:5)
  11 fire giants (Vaults:3 Depths:1 Depths:2 Depths:3 Depths:4)
  2 iron dragons (Depths:2)
  10 frost giants (Depths:2 Depths:3 Depths:5 Zot:2)
  4 draconian scorchers (Depths:5 Zot:2)
  2 orc warlords (Orc:1)
  A ghost moth (shapeshifter) (Vaults:2)
  13 vault wardens (Vaults:1 Vaults:2 Vaults:3 Vaults:4)
  4 deep elf sorcerers (Vaults:4 Depths:2 Depths:3)
  7 ghost moths (Spider:4 Zot:1 Zot:2)
  A ghoul (Vaults:1)
  5 emperor scorpions (Spider:2 Spider:3 Spider:4)
  2 draconian stormcallers (Depths:5 Zot:2)
  An angel (Abyss:2)
  3 spriggan defenders (Depths:3)
  3 draconian shifters (Depths:5 Zot:4)
  A reaper (Vaults:2)
  9 very ugly things (Vaults:4 Depths:3 Depths:4)
  2 draconian annihilators (Depths:5 Zot:4)
  A stone giant (shapeshifter) (Depths:3)
  6 vampire knights (D:15 Depths:1 Depths:2 Depths:5)
  18 ironheart preservers (Vaults:2 Vaults:3 Vaults:4)
  31 stone giants (Vaults:1 Vaults:2 Vaults:3 Vaults:4 Depths:1)
  6 black draconians (Depths:5 Zot:2 Zot:1 Zot:4)
  5 deep elf demonologists (Vaults:2 Vaults:4 Depths:2)
  3 yellow draconians (Depths:5 Zot:3 Zot:4)
  7 green draconians (Depths:5 Zot:1 Zot:2 Zot:3 Zot:4)
  Azrael (Spider:3)
  A minotaur (Depths:3)
  7 red draconians (Depths:5 Zot:1 Zot:2 Zot:4)
  9 white draconians (Depths:5 Zot:2 Zot:4)
  2 deep elf annihilators (Vaults:4)
  12 spark wasps (Spider:4 Depths:3 Depths:4 Depths:5)
  Snorg (D:11)
  4 purple draconians (Depths:5 Zot:3 Zot:4)
  A blizzard demon (Depths:4)
  A crystal guardian (Vaults:1)
  5 merfolk javelineers (Shoals:2 Shoals:4 Depths:3)
  A deep elf death mage (Vaults:2)
  A jiangshi (Vaults:3)
  3 deep elf high priests (Depths:3 Depths:4 Zot:2)
  10 merfolk impalers (Shoals:1 Shoals:3 Shoals:4)
  11 ettins (Vaults:2 Vaults:4 Depths:1 Depths:2 Depths:3)
  22 yaktaur captains (Vaults:1 Vaults:2 Vaults:3 Vaults:4 Depths:1)
  4 rakshasas (Vaults:1 Vaults:3 Depths:3)
  2 hydras (Lair:5 Lair:6)
  10 great orbs of eyes (Vaults:1 Vaults:3 Depths:1 Depths:2 Abyss:2)
  16 ice dragons (Vaults:3 Vaults:4 Depths:1 Depths:2 Depths:3)
  11 vault guards (D:14 Vaults:4)
  Erolcha (D:11)
  10 fire dragons (Lair:6 Depths:1 Depths:2 Depths:3 Depths:4)
  5 spriggan air magi (Depths:2 Depths:3 Depths:4)
  3 merfolk avatars (Shoals:2 Shoals:3 Shoals:4)
  6 merfolk aquamancers (Shoals:1 Shoals:4 Shoals:3)
  4 death knights (Vaults:1 Vaults:3)
  12 centaur warriors (D:14 D:15 Vaults:1 Vaults:3 Vaults:4)
  38 two-headed ogres (Orc:2 D:15 Vaults:1 Vaults:2 Vaults:3)
  15 ogre magi (Vaults:1 Vaults:2 Vaults:3 Vaults:4 Depths:1)
  7 deep troll shamans (Vaults:4 Depths:1 Depths:2 Depths:3)
  8 tengu warriors (D:15 Depths:1 Depths:2 Depths:3)
  5 thrashing horrors (Abyss:2)
  8 deep troll earth magi (Vaults:2 Depths:2 Depths:1 Depths:3)
  A wretched star (Abyss:2)
  4 orc high priests (Orc:1 Orc:2)
  2 spriggan berserkers (Depths:3 Depths:4)
  A sun demon (Depths:4)
  9 hell knights (Depths:2 Depths:3)
  4 deep elf knights (Vaults:2 Vaults:3 Vaults:4)
  2 soul eaters (Orc:2 Depths:1)
  A shock serpent (shapeshifter) (Vaults:2)
  8 skeletal warriors (D:15 Vaults:1 Vaults:2 Vaults:3)
  A fire crab (Lair:6)
  An unseen horror (D:15)
  A spark wasp zombie (D:15)
  4 sea snakes (Shoals:1 Shoals:2 Shoals:4)
  2 unseen horrors (shapeshifter) (D:15 Depths:4)
  2 infernal demonspawn (Orc:2)
  An iron troll (Depths:3)
  30 deep trolls (Vaults:2 Vaults:4 Depths:1 Depths:2 Depths:3)
  A golden dragon zombie (Depths:1)
  An orange crystal statue (Vaults:1)
  4 glowing orange brains (Depths:3 Abyss:2 Slime:4)
  A large abomination (Abyss:2)
  3 flayed ghosts (D:15 Vaults:1 Depths:1)
  4 wizards (Vaults:2 Depths:1 Depths:3)
  19 orc knights (D:11 Orc:1 Orc:2 Vaults:1 Vaults:2)
  11 ironbrand convokers (Vaults:2 Vaults:3 Vaults:4)
  A lindwurm (shapeshifter) (Vaults:3)
  3 deep elf archers (Vaults:4)
  A lindwurm (Lair:6)
  6 necromancers (IceCv D:15 Vaults:1 Vaults:4 Depths:1)
  6 harpies (Shoals:4 Vaults:3)
  A shining eye (shapeshifter) (Depths:3)
  18 orb spiders (Spider:2 Spider:1 Spider:3 Spider:4)
  21 wolf spiders (Lair:3 Spider:2 Spider:1 Spider:3 Spider:4)
  3 fire giant zombies (Depths:1)
  3 shining eyes (Slime:1 Slime:5)
  12 deep elf magi (D:14 Vaults:2 Vaults:3 Vaults:4)
  6 phantasmal warriors (Vaults:1 Vaults:2 Vaults:3 D:15 Depths:1)
  A tengu skeleton (Depths:4)
  An iron dragon zombie (Depths:4)
  10 orc sorcerers (Orc:1 Orc:2 Vaults:1 Vaults:2)
  A salamander (shapeshifter) (Vaults:3)
  A stone giant zombie (Depths:1)
  8 manticores (Lair:3 D:13 Shoals:2 Shoals:4)
  2 frost giant zombies (Depths:1)
  33 ugly things (D:11 D:12 D:14 Vaults:1 Vaults:3)
  11 fauns (Shoals:1 Shoals:2)
  2 worldbinders (Abyss:2)
  10 cyclopes (D:11 D:12 D:13 D:14 D:15)
  17 moths of wrath (Spider:3 Spider:4 Depths:5 Zot:1 Zot:2)
  4 centaur zombies (D:13 D:14 D:15)
  7 black mambas (Lair:3 Lair:4 Lair:6)
  2 guardian serpents (shapeshifter) (Vaults:1 Depths:4)
  A torpor snail (Spider:4)
  4 water nymphs (Shoals:1 Shoals:2 Shoals:4)
  An apocalypse crab (Abyss:2)
  A frost giant skeleton (Depths:1)
  9 merfolk sirens (Shoals:1 Shoals:2 Shoals:3 Shoals:4)
  3 rust devils (Depths:1 Abyss:2 Depths:4)
  Maurice (D:8)
  An ice statue (IceCv)
  2 elephants (Lair:5)
  10 spiny frogs (Lair:1 Lair:2 Lair:3 Lair:4 Lair:6)
  12 vault sentinels (Vaults:1 Vaults:2 Vaults:3 Vaults:4)
  2 eyes of devastation (Slime:3 Slime:5)
  5 smoke demons (Abyss:2 Depths:4 D:1)
  2 gargoyles (D:11 D:13)
  5 centaur skeletons (D:12 D:13 D:15)
  A dire elephant skeleton (Abyss:2)
  An orange demon (Depths:1)
  2 yaktaur zombies (D:15 Depths:1)
  2 hellions (Depths:1 D:1)
  2 rime drakes (D:11)
  16 freezing wraiths (IceCv D:15 Vaults:1 Vaults:4)
  2 kobold demonologists (D:13 Abyss:2)
  57 yaktaurs (Vaults:1 Vaults:2 Vaults:3 Vaults:4 Depths:1)
  2 spriggan zombies (D:15 Depths:1)
  4 komodo dragons (D:8 Lair:3 Lair:6)
  5 efreet (Volcano D:13 D:14)
  13 demonic crawlers (Spider:2 Spider:1 Spider:3 Spider:4 D:1)
  A yaktaur (shapeshifter) (Depths:2)
  5 hellwings (Orc:2 Orc:1 Depths:5 D:1)
  3 tengu conjurers (Depths:2 Depths:3)
  A meliai (shapeshifter) (Vaults:4)
  A tormentor (Depths:1)
  A queen bee (Depths:3)
  4 trolls (D:13 D:14 Vaults:1)
  3 guardian mummies (Depths:1)
  A wind drake (Shoals:1)
  4 polar bears (Lair:5)
  28 jumping spiders (Lair:3 Spider:2 Spider:1 Spider:3 Spider:4)
  29 merfolk (Shoals:1 Shoals:2 Shoals:3 Shoals:4)
  A raiju (Abyss:2)
  A raiju (shapeshifter) (Vaults:4)
  A tengu simulacrum (Depths:4)
  4 dream sheep (Lair:4 Shoals:2)
  12 hippogriffs (Lair:2 Lair:3 Lair:5 Lair:6 D:11)
  15 hornets (Spider:2 Spider:3 Spider:4 Vaults:1 Vaults:2)
  4 tyrant leeches (Spider:3)
  8 snapping turtles (Shoals:2 Shoals:3 Shoals:4)
  2 ettin zombies (D:15 Depths:1)
  11 blink frogs (Lair:1 Lair:3 Lair:4 Abyss:2)
  62 slime creatures (Lair:6 D:13 Vaults:1 Vaults:2 Depths:1)
  61 redbacks (Lair:3 Lair:6 Spider:2 Spider:1 Spider:3)
  2 elf zombies (Depths:1)
  26 tarantellas (Spider:2 Spider:1 Spider:3 Spider:4)
  A yak (shapeshifter) (Depths:4)
  A tarantella (shapeshifter) (Vaults:4)
  8 wraiths (D:11 D:12 D:14 Vaults:1)
  19 water elementals (Shoals:1 Shoals:2 Shoals:3 Depths:1 Depths:2)
  A ynoxinul (Depths:1)
  A vampire (D:13)
  6 wyverns (D:8 Lair:4 Lair:6 D:12)
  2 basilisks (shapeshifter) (Vaults:4)
  2 hogs (shapeshifter) (Vaults:4 Depths:3)
  39 yaks (D:8 Lair:1 Lair:3 Lair:6 Lair:5)
  9 fire elementals (Volcano Spider:3)
  3 basilisks (Lair:6 D:15)
  A hog (D:12)
  A neqoxec (Orc:2)
  A golden eye (Slime:5)
  A death yak simulacrum (IceCv)
  A steam dragon (Lair:6)
  A naga (shapeshifter) (Depths:4)
  9 vampire mosquitoes (D:13 D:14 D:15)
  A chaos spawn (Abyss:2)
  4 small abominations (Abyss:2)
  2 tengu zombies (Depths:1)
  6 wargs (Orc:2 Orc:1 Vaults:3)
  2 acid dragons (D:12 Vaults:1)
  An insubstantial wisp (Abyss:2)
  A soldier ant (shapeshifter) (D:15)
  A human zombie (Depths:1)
  8 water moccasins (D:9 Lair:1 Lair:2 Lair:4 Lair:5)
  7 porcupines (D:8 Lair:2 Lair:3 Lair:5)
  5 hell hounds (Lair:6 Lair:5 Spider:3)
  2 floating eyes (Depths:2 Slime:3)
  A floating eye (shapeshifter) (Depths:1)
  A swamp drake (shapeshifter) (Depths:5)
  48 orc warriors (D:7 D:9 D:12 D:11 Orc:1)
  4 phantoms (D:9 D:11 D:13)
  3 sky beasts (D:7 D:8 Abyss:2)
  7 ice beasts (D:9 IceCv)
  6 eyes of draining (D:13 Slime:5 Slime:4 D:1)
  24 ogres (D:9 D:11 D:12 Orc:1 Orc:2)
  An eye of draining (shapeshifter) (Vaults:3)
  15 centaurs (D:8 D:11 D:13 Shoals:1 Vaults:3)
  7 crocodiles (D:8 Lair:2 Lair:3 Lair:4 Lair:5)
  A big kobold (D:11)
  10 wandering mushrooms (Lair:3 D:11 Orc:1 Spider:4 D:1)
  4 earth elementals (Spider:3)
  17 bullfrogs (D:7 D:8 Lair:1 Lair:3 Lair:4)
  A wyvern zombie (D:13)
  2 scorpions (D:8)
  An elephant simulacrum (IceCv)
  An elf simulacrum (Vaults:1)
  27 killer bees (D:7 D:11 Depths:3)
  5 wights (D:11 D:15)
  5 electric eels (Lair:5 Spider:1 Spider:4)
  2 draconian simulacra (IceCv)
  3 quasits (D:12 Abyss:2)
  5 crimson imps (D:5 D:10 D:12 D:14)
  6 lava snakes (D:9 Lair:6)
  6 starcursed masses (Abyss:2)
  2 hounds (D:11 D:12)
  A human simulacrum (Vaults:1)
  7 jellies (D:7 D:9 D:10 D:13)
  A bullfrog skeleton (D:12)
  A jelly (shapeshifter) (Depths:2)
  29 orc wizards (D:4 D:8 D:9 D:10 D:12)
  26 orc priests (D:5 D:8 D:9 D:10 Orc:1)
  3 iguanas (D:9 D:11)
  5 worker ants (D:4 D:9 D:13)
  A worker ant (shapeshifter) (Vaults:4)
  5 troll simulacra (IceCv)
  2 polar bear simulacra (IceCv)
  3 centaur simulacra (IceCv)
  A hound skeleton (D:4)
  6 mummies (Depths:1)
  An adder (D:11)
  5 naga simulacra (IceCv)
  5 ogre simulacra (IceCv)
  7 shadow imps (D:8 D:10 D:11 D:12 D:13)
  15 white imps (IceCv Abyss:2)
  5 oozes (D:9)
  A worm (D:2)
  A leopard gecko (D:1)
  110 orcs (D:5 D:7 D:8 D:9 D:10)
  4 bats (D:1 D:2 D:6)
  4 giant cockroaches (D:3 D:5 D:7)
  A gnoll zombie (D:5)
  A goblin (D:3)
  6 hobgoblins (D:1 D:2 D:3)
  6 jackals (D:4 D:6 D:9)
  6 quokkas (D:3 D:4 D:5 D:11 D:12)
  3 ball pythons (Sewer D:4 D:6)
  9 frilled lizards (D:1 D:2 D:3 D:4)
  A kobold (D:11)
  A leopard gecko skeleton (D:4)
  6 rats (D:1 D:2 D:3)
  A fire vortex (Volcano)
  5 tentacles (Shoals:2)
1973 creatures vanquished.

Vanquished Creatures (collateral kills)
  A seraph (D:1)
  2 ancient liches (Zot:5)
  2 orbs of fire (Zot:5)
  A pandemonium lord (D:1)
  A Killer Klown (Zot:5)
  A golden dragon (Zot:5)
  A Brimstone Fiend (D:1)
  A tentacled monstrosity (Zot:5)
  A Hell Sentinel (D:1)
  2 Orb Guardians (Zot:5)
  A death cob (Zot:5)
  A daeva (D:1)
  3 ghost moths (Spider:3 Spider:4 Zot:5)
  The ghost of Feguytzu the Basher, a journeyman GrMo of Gozag (Spider:3)
  An entropy weaver (Spider:4)
  A black sun (D:1)
  A lorocyproca (D:1)
  Josephine (D:11)
  A vault guard (D:14)
  A hydra (Lair:2)
  A monstrous demonspawn (D:1)
  Erica (D:11)
  A two-headed ogre (Orc:2)
  4 hell hogs (D:1)
  A sun demon (Zot:5)
  A sixfirhy (D:1)
  An unseen horror (D:15)
  A torturous demonspawn (Orc:2)
  A cherub (D:1)
  2 orc knights (Orc:1 Orc:2)
  5 orb spiders (Spider:2 Spider:3 Spider:4)
  A wandering mushroom (Orc:2)
  3 orc sorcerers (Orc:2)
  A wolf spider (Spider:4)
  A cyclops (D:11)
  2 moths of wrath (Zot:5)
  An elephant (Lair:5)
  Joseph (D:8)
  A smoke demon (D:1)
  3 rust devils (Orc:2 D:1)
  4 black mambas (Lair:3 Lair:4 Lair:5 Lair:6)
  A centaur skeleton (D:11)
  2 molten gargoyles (Lair:6)
  5 spiny frogs (Lair:1 Lair:3 Lair:6)
  4 komodo dragons (Lair:4 Lair:6)
  A demonic crawler (Spider:4)
  A jumping spider (Spider:4)
  A troll (D:9)
  A raiju (Orc:2)
  3 blink frogs (Lair:1 Lair:4)
  A slime creature (Lair:6)
  A polar bear (Lair:6)
  5 redbacks (Spider:3 Spider:4)
  A vampire (D:11)
  2 wraiths (D:11)
  2 tarantellas (Spider:2 Spider:1)
  10 yaks (D:8 Lair:1 Lair:4 Lair:6 D:10)
  A wyvern (D:8)
  2 basilisks (D:11 D:15)
  2 steam dragons (D:7 Lair:6)
  A hungry ghost (D:8)
  A neqoxec (Depths:4)
  2 vampire mosquitoes (D:12 D:14)
  5 wargs (D:11)
  2 hell hounds (Lair:6)
  A porcupine (Lair:3)
  14 orc warriors (D:9 D:11 Orc:1 Orc:2)
  An ice beast (D:6)
  A sky beast (D:5)
  2 ogres (D:6 D:8)
  3 crocodiles (D:8 Lair:1)
  3 bullfrogs (Sewer D:8)
  4 killer bees (D:7 D:11)
  4 wights (D:6 D:7 D:15)
  A howler monkey (D:4)
  A crimson imp (D:4)
  2 hounds (D:4 D:6)
  A bullfrog skeleton (D:11)
  A gnoll shaman (D:7)
  A jelly (D:3)
  8 orc priests (D:4 D:7 Orc:1 Orc:2)
  3 iguanas (D:4 D:5 D:7)
  16 orc wizards (D:4 D:5 D:6 D:7 D:8)
  2 worker ants (D:4 D:5)
  10 gnolls (D:1 D:4 D:6 D:7)
  11 adders (D:3 D:4 Sewer D:9)
  2 shadow imps (D:4 D:8)
  6 worms (D:2 D:3 D:4)
  A dart slug (D:3)
  10 leopard geckos (D:3 D:4 Sewer D:7 D:8)
  35 orcs (D:4 D:5 D:7 D:9 Orc:1)
  2 ball pythons (D:3 Sewer)
  9 giant cockroaches (D:3 Sewer)
  A gnoll zombie (D:5)
  3 hobgoblins (D:1 D:3)
  9 jackals (D:4 D:5 D:6)
  4 quokkas (D:2 D:6)
  2 bats (D:1)
  6 frilled lizards (D:1 Sewer)
  5 goblins (D:1 D:2 D:3)
  A jackal skeleton (D:8)
  5 kobolds (D:2 D:11)
  5 rats (D:2 D:4)
315 creatures vanquished.

Vanquished Creatures (others)
  A tengu reaver (Depths:3)
  A shadow dragon (Zot:2)
  A draconian shifter (Zot:4)
  A green draconian (Zot:4)
  A yaktaur captain (Depths:4)
  A merfolk impaler (Shoals:4)
  A deep troll shaman (Depths:4)
  A deep elf knight (Vaults:4)
  A large abomination (D:1)
  5 oklob plants (Lair:4 D:1)
  A wolf spider (Spider:4)
  A moth of wrath (Zot:4)
  A tengu conjurer (Depths:3)
  A jumping spider (Spider:4)
  A blink frog (Lair:4)
  A redback (Spider:4)
  2 tarantellas (Spider:4)
  A human (D:12)
  A porcupine (Lair:4)
  A centaur (Depths:1)
  50 wandering mushrooms (D:9 D:8 Lair:1 Lair:3 Lair:4)
  An orc priest (Orc:2)
  4 orc wizards (D:12 Orc:2 D:14 Vaults:2)
  2 orcs (D:8 Vaults:1)
  A fire vortex (Volcano)
  9 fungi (Lair:2 Lair:3 Lair:4 Lair:6 D:1)
  12 plants (Lair:3 Lair:4 Lair:6 Shoals:1 Shoals:2)
  26 tentacles (Shoals:2)
  743 toadstools (D:6 D:7 D:8 D:9 D:10)
873 creatures vanquished.

Grand Total: 3161 creatures vanquished

Notes
Turn   | Place    | Note
-------+----------+-------------------------------------------
     0 | D:1      | stickyfingers the Kobold Summoner began the quest for the
                  | Orb.
     0 | D:1      | Reached XP level 1. HP: 10/10 MP: 3/3
   301 | D:1      | Reached XP level 2. HP: 15/15 MP: 1/5
   618 | D:1      | Learned a level 2 spell: Call Imp
  1171 | D:2      | Found a hazy altar of Hepliaklqana.
  1187 | D:2      | HP: 1/15 [quokka (5)]
  1213 | D:2      | Reached XP level 3. HP: 3/19 MP: 3/6
  1520 | D:2      | Found a shattered altar of Ashenzari.
  2016 | D:2      | Reached skill level 5 in Summonings
  2021 | D:2      | Learned a level 3 spell: Call Canine Familiar
  2555 | D:3      | Reached XP level 4. HP: 21/24 MP: 3/7
  3261 | D:3      | Found a hide-covered altar of Uskayaw.
  3596 | D:4      | Reached skill level 6 in Summonings
  3596 | D:4      | Reached XP level 5. HP: 28/28 MP: 5/8
  3608 | D:4      | Found a glowing drain.
  3614 | Sewer    | Entered a sewer
  3765 | Sewer    | Reached skill level 1 in Fighting
  3916 | Sewer    | Found the +18 shield of the Gong {rElec rN+ MR+ EV-5}
  3943 | Sewer    | Noticed a bullfrog
  3988 | Sewer    | Killed a bullfrog
  3988 | Sewer    | Reached skill level 3 in Dodging
  4001 | Sewer    | Noticed a bullfrog
  4005 | Sewer    | Killed a bullfrog
  4005 | Sewer    | Reached skill level 2 in Fighting
  4005 | Sewer    | Reached XP level 6. HP: 26/35 MP: 3/9
  4303 | D:4      | Found Faelle's General Store.
  4309 | D:4      | Bought a scroll of remove curse for 36 gold pieces
  4309 | D:4      | Bought a potion of ambrosia for 96 gold pieces
  4309 | D:4      | Bought a scroll of identify for 24 gold pieces
  4309 | D:4      | Bought a scroll of identify for 24 gold pieces
  4320 | D:4      | Found an opulent altar of Gozag.
  4725 | D:4      | Reached skill level 4 in Dodging
  4955 | D:4      | Reached skill level 3 in Fighting
  5152 | D:4      | Reached skill level 1 in Short Blades
  5360 | D:4      | Reached skill level 2 in Short Blades
  5537 | D:4      | Reached XP level 7. HP: 27/41 MP: 4/10
  5690 | D:5      | Entered Level 5 of the Dungeon
  5732 | D:4      | Reached skill level 3 in Short Blades
  5819 | D:4      | HP: 9/41 [acid (7)]
  6108 | D:4      | Reached skill level 4 in Short Blades
  6422 | D:5      | Reached skill level 5 in Short Blades
  7056 | D:5      | Reached skill level 6 in Short Blades
  7082 | D:5      | Found a staircase to the Ecumenical Temple.
  7088 | Temple   | Entered the Ecumenical Temple
  7095 | Temple   | Became a worshipper of Fedhas Madash
  7183 | D:5      | Found a basalt altar of Yredelemnul.
  7660 | D:6      | Reached skill level 1 in Evocations
  7819 | D:6      | Got an ancient chain mail
  8049 | D:6      | Reached skill level 2 in Evocations
  8049 | D:6      | Reached XP level 8. HP: 46/46 MP: 2/11
  8107 | D:6      | Found a sacrificial altar of Ru.
  8131 | D:6      | Reached * piety under Fedhas
  8586 | D:7      | Found a blossoming altar of Fedhas.
  8615 | D:7      | Reached skill level 3 in Evocations
  8700 | D:7      | Reached skill level 5 in Dodging
  9023 | D:7      | Reached skill level 4 in Fighting
  9062 | D:7      | Found a stormy altar of Qazlal.
  9129 | D:7      | Reached skill level 4 in Evocations
  9967 | D:8      | Reached skill level 5 in Evocations
 10003 | D:8      | Reached skill level 6 in Dodging
 10036 | D:7      | Reached XP level 9. HP: 40/53 MP: 4/12
 10048 | D:7      | Reached skill level 5 in Fighting
 10495 | D:8      | Reached skill level 7 in Dodging
 10607 | D:8      | Reached skill level 6 in Fighting
 10720 | D:8      | Noticed Maurice
 10798 | D:8      | Noticed Joseph
 11140 | D:8      | Reached skill level 8 in Dodging
 11222 | D:8      | Noticed a komodo dragon
 11229 | D:7      | Reached ** piety under Fedhas
 11236 | D:7      | Reached skill level 7 in Fighting
 11377 | D:8      | Killed a komodo dragon
 11461 | D:8      | Found a staircase to the Lair.
 11504 | D:8      | Reached skill level 9 in Dodging
 11533 | D:8      | Reached skill level 1 in Invocations
 11533 | D:8      | Reached XP level 10. HP: 64/64 MP: 13/13
 11568 | D:8      | Identified the +9 chain mail of Addoikad {rC+ Regen+ Dex+2}
                  | (You found it on level 6 of the Dungeon)
 11658 | D:9      | Found an ornate altar of the Wu Jian Council.
 11659 | D:9      | Found a glowing silver altar of Zin.
 11685 | D:9      | Reached skill level 8 in Fighting
 11714 | D:9      | Reached skill level 2 in Invocations
 11873 | D:9      | Reached skill level 3 in Invocations
 12139 | D:9      | Found a deep blue altar of Sif Muna.
 12277 | D:9      | Reached skill level 4 in Invocations
 12326 | D:9      | Reached skill level 9 in Fighting
 12380 | D:9      | Reached skill level 1 in Armour
 12632 | D:10     | Entered Level 10 of the Dungeon
 12774 | D:10     | Reached *** piety under Fedhas
 12849 | D:10     | Reached skill level 2 in Armour
 13317 | D:8      | Killed Joseph
 13317 | D:8      | Reached skill level 5 in Invocations
 13323 | D:8      | Killed Maurice
 13323 | D:8      | Reached skill level 3 in Armour
 13490 | Lair:1   | Entered Level 1 of the Lair of Beasts
 13535 | Lair:1   | Reached skill level 4 in Armour
 13555 | Lair:1   | Reached XP level 11. HP: 48/71 MP: 13/15
 13578 | Lair:1   | Found an opulent altar of Gozag.
 13578 | Lair:1   | Noticed an oklob plant
 13594 | Lair:1   | Reached skill level 6 in Invocations
 13664 | Lair:1   | Reached skill level 5 in Armour
 13858 | Lair:1   | Reached skill level 7 in Invocations
 13892 | Lair:1   | Reached skill level 6 in Armour
 14587 | Lair:2   | Noticed a five-headed hydra
 14598 | Lair:2   | Killed a five-headed hydra
 14687 | Lair:2   | Reached skill level 7 in Armour
 14767 | Lair:2   | Found a dark tunnel.
 14790 | Volcano  | Entered a volcano
 14874 | Volcano  | Reached skill level 1 in Shields
 14925 | Volcano  | Reached skill level 2 in Shields
 14972 | Volcano  | Reached skill level 3 in Shields
 15316 | Lair:2   | Reached skill level 4 in Shields
 15316 | Lair:2   | Reached XP level 12. HP: 75/76 MP: 17/17
 15854 | Lair:3   | Found a staircase to the Shoals.
 15880 | Lair:3   | Reached skill level 5 in Shields
 16173 | Lair:3   | Reached skill level 10 in Dodging
 16488 | Lair:3   | Reached skill level 11 in Dodging
 16675 | Lair:3   | Found a hole to the Spider Nest.
 16686 | Lair:3   | Reached skill level 8 in Invocations
 16699 | Lair:3   | HP: 21/76 [poisoned by a redback]
 16704 | Lair:3   | HP: 15/76 [poisoned by a redback]
 16709 | Lair:2   | HP: 9/76 [poisoned by a redback]
 16714 | Lair:2   | HP: 8/76 [poisoned by a redback]
 16719 | Lair:2   | HP: 6/76 [poisoned by a redback]
 16725 | Lair:2   | HP: 6/76 [poisoned by a redback]
 16733 | Lair:2   | HP: 8/76 [poisoned by a redback]
 16741 | Lair:2   | HP: 11/76 [poisoned by a redback]
 16918 | Lair:3   | Found a bloodstained altar of Trog.
 17173 | Lair:4   | Noticed Nessos
 17174 | Lair:4   | Noticed Nessos
 17174 | Lair:4   | Nessos changed into Nessos the dream sheep
 17186 | Lair:4   | Killed Nessos the dream sheep
 17561 | Lair:4   | Reached skill level 12 in Dodging
 17600 | Lair:4   | Reached skill level 9 in Invocations
 18064 | Lair:4   | Reached XP level 13. HP: 77/80 MP: 19/19
 18159 | Lair:5   | Noticed a five-headed hydra
 18167 | Lair:5   | Killed a one-headed hydra
 18583 | Lair:5   | Reached **** piety under Fedhas
 18617 | Lair:5   | Reached skill level 10 in Invocations
 18629 | Lair:5   | Reached skill level 13 in Dodging
 19001 | Lair:6   | Entered Level 6 of the Lair of Beasts
 19033 | Lair:6   | Got an encrusted whip
 19053 | Lair:5   | Identified the +7 whip "Behi" {holy, *Contam rPois MR+}
                  | (You found it on level 6 of the Lair of Beasts)
 19107 | Lair:6   | Gained mutation: You are dopey. (Int -2) [mutagenic glow]
 19145 | Lair:6   | Reached skill level 14 in Dodging
 19217 | Lair:6   | Noticed Urug
 19220 | Lair:6   | Noticed Urug
 19220 | Lair:6   | Urug changed into Urug the redback
 19232 | Lair:6   | Killed Urug the redback
 19557 | Lair:6   | Found a staircase to the Slime Pits.
 19797 | Lair:6   | Reached skill level 15 in Dodging
 19966 | Lair:6   | Noticed a four-headed hydra
 20002 | Lair:5   | HP: 23/80 [poisoned by a black mamba]
 20007 | Lair:5   | HP: 16/80 [poisoned by a black mamba]
 20012 | Lair:5   | HP: 12/80 [poisoned by a black mamba]
 20017 | Lair:5   | HP: 10/80 [poisoned by a black mamba]
 20022 | Lair:5   | HP: 9/80 [poisoned by a black mamba]
 20028 | Lair:5   | HP: 10/80 [poisoned by a black mamba]
 20034 | Lair:5   | HP: 12/80 [poisoned by a black mamba]
 20042 | Lair:5   | HP: 15/80 [poisoned by a black mamba]
 20330 | Lair:6   | Killed a one-headed hydra
 20402 | Lair:6   | Found a large runed translucent door.
 20402 | Lair:6   | Noticed a fire dragon
 20640 | Lair:6   | HP: 17/80 [komodo dragon (8)]
 20645 | Lair:6   | HP: 14/80 [poisoned by a black mamba]
 20650 | Lair:6   | HP: 14/80 [poisoned by a black mamba]
 20655 | Lair:6   | HP: 14/80 [poisoned by a black mamba]
 20660 | Lair:6   | HP: 15/80 [poisoned by a black mamba]
 20667 | Lair:6   | HP: 17/80 [poisoned by a black mamba]
 20675 | Lair:6   | HP: 20/80 [poisoned by a black mamba]
 20771 | Lair:6   | Reached skill level 16 in Dodging
 20936 | Lair:6   | Found a large runed translucent door.
 20974 | Lair:6   | Killed a fire dragon
 20974 | Lair:6   | Reached XP level 14. HP: 86/86 MP: 21/21
 21575 | D:11     | Noticed Josephine
 21583 | D:11     | Killed Josephine
 21597 | D:11     | Found a staircase to the Orcish Mines.
 21713 | D:11     | Found a frozen archway.
 21792 | IceCv    | Entered an ice cave
 22023 | IceCv    | Reached skill level 10 in Fighting
 22159 | IceCv    | HP: 18/88 [freezing wraith (11)]
 22372 | IceCv    | Reached skill level 8 in Armour
 22513 | IceCv    | Found an ancient bone altar of Kikubaaqudgha.
 23406 | IceCv    | Identified a book of Frost
 23668 | D:11     | Identified a book of Debilitation
 23815 | D:11     | Noticed Snorg
 24004 | D:12     | Reached skill level 11 in Fighting
 24075 | D:12     | Noticed Kirke
 24108 | D:12     | Killed Kirke
 24148 | D:12     | Reached skill level 9 in Armour
 24783 | D:11     | Reached ***** piety under Fedhas
 24859 | D:11     | Noticed Erolcha
 25539 | D:11     | Killed Erolcha
 25732 | D:11     | Killed Snorg
 25856 | Orc:1    | Entered Level 1 of the Orcish Mines
 25990 | Orc:1    | Noticed Erica
 26381 | D:11     | Killed Erica
 26381 | D:11     | Reached skill level 12 in Fighting
 26381 | D:11     | Reached XP level 15. HP: 96/96 MP: 20/22
 26456 | Orc:1    | Found Yciekleu's Armour Emporium.
 26482 | Orc:1    | Found Pedax's General Store.
 26491 | Orc:1    | Bought a potion of curing for 42 gold pieces
 26652 | Orc:1    | Noticed an orc warlord
 26806 | Orc:1    | Killed an orc warlord
 27058 | Orc:1    | Found Saer's Assorted Antiques.
 27061 | Orc:1    | Bought 2 scrolls labeled FUTORH XUCLUZ for 42 gold pieces
 27061 | Orc:1    | Bought a pair of runed boots for 157 gold pieces
 27485 | Orc:1    | Found a roughly hewn altar of Beogh.
 27678 | Orc:1    | HP: 26/97 [orc priest/divine providence (12)]
 27978 | Orc:1    | Paralysed by an orc sorcerer for 5 turns
 28021 | Orc:1    | Identified a book of Minor Magic
 28026 | Orc:1    | Learned a level 2 spell: Blink
 28097 | Orc:2    | Entered Level 2 of the Orcish Mines
 28478 | Orc:2    | Found a roughly hewn altar of Beogh.
 28491 | Orc:2    | Noticed an orc warlord
 28780 | Orc:1    | Killed an orc warlord
 28780 | Orc:1    | Reached skill level 13 in Fighting
 29034 | Orc:2    | Noticed Sonja
 29036 | Orc:2    | Noticed Sonja
 29036 | Orc:2    | Sonja changed into Sonja the raiju
 29042 | Orc:2    | Killed Sonja the raiju
 29100 | Orc:2    | Found a staircase to the Elven Halls.
 29450 | Orc:2    | Reached skill level 10 in Armour
 29643 | Orc:2    | Found Saic's Food Boutique.
 29644 | Orc:2    | Found Affu's Food Shop.
 30126 | Orc:2    | Reached skill level 1 in Maces & Flails
 30304 | Orc:2    | Reached skill level 2 in Maces & Flails
 30588 | Orc:2    | Reached skill level 3 in Maces & Flails
 30703 | Orc:2    | HP: 30/100 [poisoned by a torturous demonspawn]
 30708 | Orc:1    | HP: 21/100 [poisoned by a torturous demonspawn]
 30713 | Orc:1    | HP: 16/100 [poisoned by a torturous demonspawn]
 30718 | Orc:1    | HP: 13/100 [poisoned by a torturous demonspawn]
 30723 | Orc:1    | HP: 13/100 [poisoned by a torturous demonspawn]
 30728 | Orc:1    | HP: 13/100 [poisoned by a torturous demonspawn]
 30733 | Orc:1    | HP: 14/100 [poisoned by a torturous demonspawn]
 30740 | D:11     | HP: 17/100 [poisoned by a torturous demonspawn]
 30748 | D:11     | HP: 20/100 [poisoned by a torturous demonspawn]
 31138 | Orc:1    | Reached skill level 4 in Maces & Flails
 31228 | Orc:2    | Paralysed by an orc sorcerer for 7 turns
 31369 | Orc:2    | Found Taloth's Book Shoppe.
 31369 | Orc:2    | Found Esaschush's Antique Weapon Emporium.
 31370 | Orc:2    | Found a one-way gate leading to the halls of Pandemonium.
 31436 | Orc:1    | Bought a +0 helmet for 58 gold pieces
 31741 | Orc:1    | Bought a wand of digging (8) for 336 gold pieces
 31872 | D:13     | Reached skill level 5 in Maces & Flails
 32338 | D:13     | Identified a book of Conjurations
 32366 | D:13     | Reached skill level 6 in Maces & Flails
 32566 | D:14     | Reached XP level 16. HP: 89/105 MP: 23/23
 32720 | D:14     | Reached skill level 7 in Maces & Flails
 32800 | D:14     | Found a gate to the Vaults.
 32898 | D:14     | Reached skill level 8 in Maces & Flails
 33339 | D:15     | Entered Level 15 of the Dungeon
 33343 | D:15     | Found a shattered altar of Ashenzari.
 33349 | D:15     | Reached skill level 9 in Maces & Flails
 33728 | D:15     | Reached skill level 10 in Maces & Flails
 33982 | D:15     | Found a staircase to the Depths.
 34668 | Spider:1 | Entered Level 1 of the Spider Nest
 35295 | Spider:2 | Reached skill level 11 in Maces & Flails
 36613 | Spider:1 | Reached XP level 17. HP: 105/110 MP: 24/24
 36892 | Spider:3 | Reached skill level 12 in Maces & Flails
 37186 | Spider:3 | Reached skill level 14 in Fighting
 37490 | Spider:3 | Identified a book of the Earth
 37490 | Spider:3 | Noticed Roxanne
 37695 | Spider:3 | Noticed Azrael
 37721 | Spider:3 | Killed Azrael
 37899 | Spider:3 | Reached skill level 11 in Invocations
 38684 | Spider:3 | Found a runed translucent gate.
 38685 | Spider:3 | Found a runed translucent gate.
 38686 | Spider:3 | Found a runed translucent gate.
 38686 | Spider:3 | Noticed Feguytzu's ghost (journeyman GrMo)
 39241 | Spider:3 | Killed Feguytzu's ghost
 39330 | Spider:4 | Entered Level 4 of the Spider Nest
 39334 | Spider:4 | Identified a book of Alchemy
 39613 | Spider:4 | Reached skill level 15 in Fighting
 39629 | Spider:4 | Reached skill level 12 in Invocations
 39696 | Spider:3 | HP: 29/113 [Roxanne/orb of energy (40)]
 40090 | Spider:4 | HP: 32/113 [wolf spider (17)]
 40136 | Spider:4 | HP: 28/113 [something (10)]
 40518 | Spider:4 | Reached skill level 13 in Invocations
 41029 | Spider:4 | Reached XP level 18. HP: 111/119 MP: 2/28
 41103 | Spider:4 | Reached skill level 14 in Invocations
 41499 | Spider:4 | Got a gossamer rune of Zot
 41988 | Spider:3 | Killed Roxanne
 42091 | Shoals:1 | Entered Level 1 of the Shoals
 42315 | Shoals:1 | Reached skill level 15 in Invocations
 43308 | Shoals:1 | Identified a book of Summonings
 43517 | Shoals:2 | Reached skill level 17 in Dodging
 43587 | Shoals:2 | Noticed a kraken
 43730 | Shoals:2 | Killed a kraken
 43784 | Shoals:2 | Noticed Ilsuiw
 43858 | Shoals:2 | Killed Ilsuiw
 44985 | Shoals:3 | Found Uchudgh's Armour Emporium.
 45127 | Shoals:3 | Reached skill level 18 in Dodging
 45386 | Shoals:3 | Reached ****** piety under Fedhas
 45548 | Shoals:4 | Entered Level 4 of the Shoals
 45650 | Shoals:3 | HP: 35/119 [poisoned by a merfolk impaler]
 45655 | Shoals:3 | HP: 23/119 [poisoned by a merfolk impaler]
 45660 | Shoals:3 | HP: 22/119 [poisoned by a merfolk impaler]
 45666 | Shoals:3 | HP: 21/119 [poisoned by a merfolk impaler]
 45672 | Shoals:3 | HP: 22/119 [poisoned by a merfolk impaler]
 45678 | Shoals:3 | HP: 24/119 [poisoned by a merfolk impaler]
 45686 | Shoals:3 | HP: 27/119 [poisoned by a merfolk impaler]
 45837 | Shoals:3 | HP: 34/119 [poisoned by a merfolk impaler]
 45842 | Shoals:3 | HP: 30/119 [poisoned by a merfolk impaler]
 45847 | Shoals:3 | HP: 26/119 [poisoned by a merfolk impaler]
 45852 | Shoals:3 | HP: 26/119 [poisoned by a merfolk impaler]
 45857 | Shoals:3 | HP: 26/119 [poisoned by a merfolk impaler]
 45863 | Shoals:3 | HP: 27/119 [poisoned by a merfolk impaler]
 45871 | Shoals:3 | HP: 31/119 [poisoned by a merfolk impaler]
 45879 | Shoals:3 | HP: 34/119 [poisoned by a merfolk impaler]
 46331 | Shoals:4 | Reached XP level 19. HP: 67/124 MP: 30/30
 46586 | Shoals:4 | Got a barnacled rune of Zot
 46775 | Shoals:4 | Identified a Fen Folio
 46811 | Shoals:4 | Reached skill level 16 in Invocations
 47482 | Shoals:4 | Identified the +4 scimitar of Zoisol {drain, *Contam rPois
                  | rC+++ Stlth+} (You found it on level 4 of the Shoals)
 47493 | Shoals:4 | Got a shimmering dagger
 47637 | Shoals:4 | HP: 33/124 [merfolk/+0 trident (14)]
 48056 | D:8      | Identified the +2 dagger of Eternal War {pain, rN+ Int+2
                  | Dex+9} (You found it on level 4 of the Shoals)
 48212 | Vaults:1 | Entered Level 1 of the Vaults
 48448 | Vaults:1 | Reached skill level 17 in Invocations
 49659 | Vaults:1 | Reached skill level 11 in Armour
 50916 | Vaults:2 | Reached skill level 12 in Armour
 51208 | Vaults:2 | Reached XP level 20. HP: 117/129 MP: 32/32
 51384 | Vaults:2 | Paralysed by a sphinx for 2 turns
 51665 | Vaults:2 | Reached skill level 13 in Armour
 51756 | Vaults:2 | Noticed a Brimstone Fiend
 53193 | Vaults:2 | Reached skill level 14 in Armour
 53478 | Vaults:2 | Found Uqeys's General Store.
 54036 | Vaults:3 | Found a snail-covered altar of Cheibriados.
 54415 | Vaults:3 | Identified the +9 trident of the Crawling Thing {antimagic,
                  | rC- Str+3 Dex+6}
 54692 | Vaults:3 | Reached XP level 21. HP: 129/134 MP: 33/33
 56467 | Vaults:3 | Reached skill level 16 in Fighting
 56482 | Vaults:3 | Found a staircase to the Crypt.
 56843 | Vaults:4 | Reached skill level 18 in Invocations
 57642 | Vaults:4 | HP: 41/137 [vault warden/+0 halberd of freezing (2)]
 57648 | Vaults:4 | HP: 41/137 [poisoned by a deep elf annihilator (poison
                  | arrow)]
 58042 | Vaults:4 | Reached XP level 22. HP: 129/144 MP: 35/35
 58115 | Vaults:4 | Reached skill level 17 in Fighting
 58286 | Vaults:4 | Reached skill level 19 in Invocations
 58668 | Vaults:4 | Found Duesm's Magic Scroll Shoppe.
 58745 | Vaults:4 | Bought a scroll of fear for 35 gold pieces
 58745 | Vaults:4 | Bought 3 scrolls of fog for 60 gold pieces
 58745 | Vaults:4 | Bought a scroll of teleportation for 30 gold pieces
 58745 | Vaults:4 | Bought a scroll of teleportation for 30 gold pieces
 59743 | Depths:1 | Entered Level 1 of the Depths
 59796 | Depths:1 | HP: 33/146 [something/vampiric draining (19)]
 60029 | Depths:1 | Noticed Nikola
 60054 | Depths:1 | Killed Nikola
 60069 | Depths:1 | Reached skill level 18 in Fighting
 60710 | Depths:1 | Reached skill level 20 in Invocations
 61551 | Depths:1 | Found a gateway to Hell.
 61911 | Depths:1 | Noticed a greater mummy
 61932 | Depths:1 | Killed a greater mummy
 61932 | Depths:1 | Reached XP level 23. HP: 129/153 MP: 37/37
 62210 | Depths:1 | Found a runed translucent door.
 62211 | Depths:1 | Noticed frimble's ghost (adept DsGl)
 62931 | Depths:2 | Reached skill level 19 in Fighting
 63386 | Depths:2 | Found a one-way gate to the infinite horrors of the Abyss.
 64247 | Depths:2 | Reached skill level 21 in Invocations
 64574 | Depths:2 | Noticed a golden dragon
 64600 | Depths:2 | Killed a golden dragon
 64660 | Depths:2 | Paralysed by a floating eye for 2 turns
 65634 | Depths:3 | Reached skill level 20 in Fighting
 66352 | Depths:3 | Reached XP level 24. HP: 163/164 MP: 37/37
 66472 | Depths:3 | Reached skill level 21 in Fighting
 66712 | Depths:3 | Found a runed translucent door.
 66894 | Depths:3 | Noticed a juggernaut
 67052 | Depths:3 | Noticed a caustic shrike
 67067 | Depths:3 | Killed a caustic shrike
 67288 | Depths:3 | Found the +12 glaive of Prune {chop}
 67866 | Depths:3 | Reached skill level 19 in Dodging
 68702 | Depths:3 | Cast into level 2 of the Abyss (a wizard)
 69537 | Depths:3 | Escaped the Abyss
 69720 | Depths:3 | Reached skill level 20 in Dodging
 69765 | Depths:3 | Noticed an ancient lich
 69787 | Depths:3 | Killed an ancient lich
 69801 | Depths:3 | HP: 44/166 [titan/the air (30)]
 70389 | Depths:3 | Reached skill level 21 in Dodging
 70400 | Depths:3 | Noticed a golden dragon
 70415 | Depths:3 | Killed a golden dragon
 70415 | Depths:3 | Reached skill level 15 in Armour
 70457 | Depths:3 | Noticed a shard shrike
 70457 | Depths:3 | an iron dragon changed into a shard shrike
 70458 | Depths:3 | a shard shrike changed into a titan
 70470 | Depths:3 | Noticed a caustic shrike
 70470 | Depths:3 | a shadow dragon changed into a caustic shrike
 70533 | Depths:3 | Found a gateway to a ziggurat.
 70543 | Depths:3 | Got a slimy ring mail
 70544 | Depths:3 | Identified the cursed +0 ring mail of the Maze {-Tele rN+
                  | Str+4} (You found it on level 3 of the Depths)
 70568 | Depths:3 | Reached XP level 25. HP: 140/171 MP: 37/37
 70597 | Depths:3 | Identified a book of Battle
 71304 | Depths:3 | Killed a juggernaut
 71465 | Depths:3 | Reached skill level 16 in Armour
 71933 | Depths:4 | Noticed a juggernaut
 71970 | Depths:3 | Killed a juggernaut
 72419 | Depths:4 | Noticed a juggernaut
 72448 | Depths:4 | Killed a juggernaut
 72533 | Depths:4 | You fall through a shaft!
 72533 | Depths:5 | Entered Level 5 of the Depths
 72552 | Depths:4 | Reached skill level 17 in Armour
 72719 | Depths:4 | Noticed a juggernaut
 72754 | Depths:4 | Killed a juggernaut
 72949 | Depths:3 | Learned a level 2 spell: Shroud of Golubria
 72952 | Depths:3 | Learned a level 2 spell: Song of Slaying
 72956 | Depths:3 | Learned a level 3 spell: Regeneration
 72960 | Depths:3 | Learned a level 3 spell: Spectral Weapon
 73258 | Depths:4 | Your memory of Summon Small Mammal unravels.
 73810 | Depths:4 | Noticed a juggernaut
 73846 | Depths:4 | Killed a juggernaut
 73846 | Depths:4 | Reached skill level 1 in Charms
 73945 | Depths:4 | Reached skill level 1 in Hexes
 73945 | Depths:4 | Reached skill level 1 in Necromancy
 73956 | Depths:4 | Reached skill level 1 in Translocations
 74170 | Depths:5 | Reached XP level 26. HP: 177/177 MP: 37/37
 74263 | Depths:5 | Noticed Xtahua
 74291 | Depths:5 | Killed Xtahua
 74291 | Depths:5 | Reached skill level 3 in Spellcasting
 74291 | Depths:5 | Reached skill level 2 in Charms
 74713 | Depths:5 | Reached skill level 2 in Hexes
 74713 | Depths:5 | Reached skill level 2 in Necromancy
 74857 | Depths:5 | Reached skill level 2 in Translocations
 74996 | Depths:5 | Reached skill level 3 in Charms
 75610 | Depths:5 | HP: 51/177 [vampire knight/+0 halberd (5)]
 75893 | Depths:5 | Reached skill level 3 in Necromancy
 75921 | Depths:5 | Reached skill level 3 in Hexes
 76033 | Depths:5 | Reached skill level 3 in Translocations
 76039 | Depths:5 | Found a gate to the Realm of Zot.
 76313 | Depths:5 | Reached skill level 4 in Spellcasting
 76734 | Slime:1  | Entered Level 1 of the Pits of Slime
 76765 | Slime:1  | Reached skill level 4 in Charms
 77081 | Slime:5  | Entered Level 5 of the Pits of Slime
 77101 | Slime:5  | Reached skill level 4 in Hexes
 77101 | Slime:5  | Reached skill level 4 in Necromancy
 77204 | Slime:4  | Reached skill level 5 in Charms
 77204 | Slime:4  | Reached skill level 4 in Translocations
 77489 | Slime:5  | Noticed the Royal Jelly
 77493 | Slime:5  | Found a viscous altar of Jiyva.
 77860 | Slime:5  | Killed the Royal Jelly
 77860 | Slime:5  | Reached skill level 5 in Hexes
 77860 | Slime:5  | Reached skill level 6 in Charms
 77860 | Slime:5  | Reached skill level 5 in Necromancy
 77894 | Slime:5  | Found the ring of the Octopus King
 77911 | Slime:5  | Reached skill level 5 in Translocations
 77952 | Slime:5  | Identified a book of Spatial Translocations
 77955 | Slime:5  | Got a crude wooden ring
 77970 | Slime:5  | Identified the Handbook of the Elephant
 77999 | Slime:5  | Identified a book of Party Tricks
 78034 | Slime:5  | Got a ring of the Octopus King
 78044 | Slime:5  | Got a smoking scale mail
 78063 | Slime:5  | Got a translucent iron ring
 78071 | Slime:5  | Identified the Papyrus of Viperous Clay
 78083 | Slime:5  | Got a faintly glowing leather armour
 78085 | Slime:5  | Got a slimy rune of Zot
 78097 | Slime:5  | Identified the +6 leather armour of Wugocim {rF+ Str+9
                  | Int-4} (You found it on level 5 of the Pits of Slime)
 78098 | Slime:5  | Identified the +2 scale mail of the Guilds {rF+ rN+++
                  | Slay-6 SInv} (You found it on level 5 of the Pits of Slime)
 78100 | Slime:5  | Identified the ring "Didghub" {*Drain Int+4 Dex+4 Stlth-}
                  | (You found it on level 5 of the Pits of Slime)
 78101 | Slime:5  | Identified the ring "Itsous" {MR+ Int+4 Stlth+} (You found
                  | it on level 5 of the Pits of Slime)
 78103 | Slime:5  | Identified a ring of the Octopus King {MP+9 AC+1 EV+1 Str+1
                  | Int+1 Dex+1} (You found it on level 5 of the Pits of Slime)
 78197 | Slime:5  | Identified the cursed +1 spear of Big Damage {elec, rN+
                  | MP-9 Str+4 Dex+4} (You found it on level 5 of the Pits of
                  | Slime)
 78369 | D:8      | Learned a level 1 spell: Summon Butterflies
 78371 | D:8      | Learned a level 1 spell: Apportation
 78375 | D:8      | Learned a level 3 spell: Ozocubu's Armour
 78711 | Zot:1    | Entered Level 1 of the Realm of Zot
 79624 | Depths:5 | Reached XP level 27. HP: 148/182 MP: 37/37
 79772 | Depths:5 | Reached skill level 6 in Hexes
 79772 | Depths:5 | Reached skill level 6 in Necromancy
 79789 | Depths:5 | Reached skill level 7 in Charms
 79934 | Depths:5 | Reached skill level 6 in Translocations
 79969 | Depths:5 | Reached skill level 6 in Evocations
 80027 | Depths:5 | Reached skill level 7 in Evocations
 80140 | Zot:1    | Learned a level 3 spell: Tukima's Dance
 80284 | Zot:1    | Reached skill level 8 in Evocations
 80565 | Zot:2    | Reached skill level 9 in Evocations
 80700 | Zot:2    | Reached skill level 10 in Evocations
 80714 | Zot:2    | Reached skill level 4 in Stealth
 80833 | Zot:2    | Reached skill level 5 in Stealth
 80880 | Zot:2    | Reached skill level 6 in Stealth
 80911 | Zot:2    | Reached skill level 7 in Stealth
 81089 | Zot:2    | Reached skill level 8 in Stealth
 81215 | Zot:2    | Reached skill level 9 in Stealth
 81220 | Zot:2    | Identified the ring of Culumen {+Blink +Inv rPois Dex-2
                  | Stlth+}
 81701 | Zot:1    | Reached skill level 10 in Stealth
 81780 | Zot:2    | Your memory of Call Imp unravels.
 82056 | Zot:4    | Reached skill level 11 in Stealth
 82491 | Zot:4    | Reached skill level 12 in Stealth
 82656 | Zot:4    | Reached skill level 13 in Maces & Flails
 82877 | Zot:5    | Entered Level 5 of the Realm of Zot
 83471 | Zot:5    | Identified a Young Poisoner's Handbook
 83497 | Zot:5    | Reached skill level 14 in Maces & Flails
 83769 | Zot:5    | Reached skill level 11 in Evocations
 83865 | Zot:4    | Identified a book of Cantrips
 83883 | Zot:4    | Found a transporter.
 83893 | Zot:4    | Found the +2 pair of boots of the Assassin {Detection Stab+
                  | Stlth++}
 83893 | Zot:4    | Found a transporter.
 84172 | Zot:5    | Reached skill level 12 in Evocations
 84334 | Zot:5    | Reached skill level 13 in Evocations
 84348 | Zot:5    | Noticed an ancient lich
 84608 | Zot:5    | Killed an ancient lich
 84623 | Zot:5    | Noticed an ancient lich
 84693 | Zot:5    | Noticed an orb of fire
 84701 | Zot:5    | Gained mutation: Your magical capacity is low. (-10% MP)
                  | [an orb of fire]
 84702 | Zot:5    | Killed an orb of fire
 84702 | Zot:5    | Reached skill level 14 in Evocations
 84711 | Zot:5    | Noticed a Killer Klown
 84746 | Zot:5    | Killed an ancient lich
 84775 | Zot:5    | Noticed an orb of fire
 84778 | Zot:5    | Killed a Killer Klown
 84780 | Zot:5    | Killed an orb of fire
 84855 | Zot:5    | Reached skill level 15 in Evocations
 85171 | Zot:5    | Reached skill level 16 in Evocations
 85237 | Zot:5    | Got the Orb of Zot
 85252 | Zot:5    | Noticed Betiosh the pandemonium lord
 85424 | Depths:5 | Noticed Qibbitar the pandemonium lord
 85800 | D:8      | Noticed a seraph
 86019 | D:1      | Noticed a seraph
 86314 | D:1      | Noticed Ibrant the pandemonium lord
 86366 | D:1      | HP: 30/182 [Ibrant the pandemonium lord (37)]
 86371 | D:1      | HP: 50/182 [poisoned by Ibrant]
 86379 | D:1      | Reached skill level 17 in Evocations
 86400 | D:1      | Killed Ibrant the pandemonium lord
 86428 | D:1      | Killed a seraph
 86445 | D:1      | Noticed Capeacuf the pandemonium lord
 86453 | D:1      | Killed Capeacuf the pandemonium lord
 86493 | D:$      | Escaped with the Orb!

Skill      XL: |  1  2  3  4  5  6  7  8  9 10 11 12 13 14 15 16 17 18 19 20 21 22 23 24 25 26 27 |
---------------+----------------------------------------------------------------------------------+-----
Summonings     | 5 6 |  6.0
Fighting       | 2 3 4 7 9 12 13 15 16 18 20 21 | 21.0
Dodging        | 3 4 6 9 12 16 18 21 | 21.0
Short Blades   | 2 6 |  6.0
Evocations     | 2 5 17 | 17.9
Invocations    | 1 5 7 9 10 13 15 17 18 20 21 | 21.1
Armour         | 4 7 9 10 12 14 15 17 | 17.5
Shields        | 4 5 |  5.8
Maces & Flails | 6 11 12 14 | 14.0
Charms         | 1 6 7 |  7.0
Hexes          | 1 5 6 |  6.0
Necromancy     | 1 5 6 |  6.0
Translocations | 1 5 6 |  6.0
Spellcasting   | 4 |  4.0
Stealth        | 12 | 12.0

Action                   |  1- 3 |  4- 6 |  7- 9 | 10-12 | 13-15 | 16-18 | 19-21 | 22-24 | 25-27 || total
-------------------------+-------+-------+-------+-------+-------+-------+-------+-------+-------++-------
Melee: Dagger            |   117 |   120 |   105 |   104 |   425 |       |       |       |       ||   871
       Unarmed           |     3 |       |       |       |       |       |       |       |       ||     3
       Spear             |       |       |   114 |    96 |       |       |       |       |       ||   210
       Long sword        |       |       |    42 |   446 |       |       |       |       |       ||   488
       Scimitar          |       |       |       |   142 |  1644 |       |       |       |       ||  1786
       Demon whip        |       |       |       |       |   281 |  2207 |  2608 |  3007 |  3355 || 11458
 Fire: Hunting sling     |       |       |       |    15 |    60 |       |       |       |       ||    75
       Hand crossbow     |       |       |       |       |       |    74 |       |       |    63 ||   137
       Blowgun           |       |       |       |       |       |       |       |       |     9 ||     9
Throw: Stone             |       |     6 |    21 |     6 |     8 |    63 |    53 |    53 |    80 ||   290
       Tomahawk          |       |       |       |     3 |       |       |       |       |       ||     3
 Cast: Summon Small Mamm |    23 |     1 |     2 |       |       |       |       |       |       ||    26
       Call Canine Famil |     4 |    20 |    45 |       |       |       |       |       |       ||    69
       Call Imp          |     1 |    28 |    73 |       |       |       |       |       |       ||   102
       Regeneration      |       |       |       |       |       |       |       |       |   122 ||   122
       Blink             |       |       |       |       |       |       |       |       |    28 ||    28
       Shroud of Golubri |       |       |       |       |       |       |       |       |    14 ||    14
       Ozocubu's Armour  |       |       |       |       |       |       |       |       |     1 ||     1
       Apportation       |       |       |       |       |       |       |       |       |    15 ||    15
       Summon Butterflie |       |       |       |       |       |       |       |       |     1 ||     1
Invok: Fungal Bloom      |       |       |    10 |    30 |    46 |    37 |    18 |     5 |     7 ||   153
       Evolution         |       |       |     2 |    11 |    32 |    12 |       |       |    27 ||    84
       Sunlight          |       |       |       |     2 |     4 |    17 |     9 |     9 |    17 ||    58
       Rain              |       |       |       |       |       |       |       |     1 |     9 ||    10
       Growth            |       |       |       |       |       |       |       |       |     4 ||     4
 Abil: Evoke Invisibilit |       |       |       |       |       |       |       |       |     6 ||     6
       Evoke Flight      |       |       |       |       |       |       |       |       |     2 ||     2
Evoke: Wand              |       |       |       |     2 |    21 |       |       |     7 |    31 ||    61
       Phial of floods   |       |       |       |       |       |       |       |       |     1 ||     1
       Lamp of fire      |       |       |       |       |       |       |       |       |     1 ||     1
  Use: Scroll            |       |     8 |     6 |     9 |    21 |    10 |     6 |     6 |    20 ||    86
       Potion            |       |       |       |       |       |     2 |       |       |     8 ||    10
 Stab: Sleeping          |    10 |    10 |     9 |       |       |     1 |       |       |     4 ||    34
       Distracted        |       |     1 |     5 |     4 |     4 |     1 |       |       |     2 ||    17
       Confused          |       |       |       |    13 |    30 |     6 |       |     4 |       ||    53
       Invisible         |       |       |       |       |       |     6 |       |       |    23 ||    29
       Held in net/web   |       |       |       |       |       |     2 |       |       |       ||     2
       Paralysed         |       |       |       |       |       |       |       |       |     2 ||     2
  Eat: Chunk             |    14 |    14 |    26 |    20 |    50 |    46 |    42 |    42 |    60 ||   314
       Ration            |       |       |       |     1 |     3 |       |       |       |     5 ||     9
Armor: Robe              |    22 |    17 |     8 |       |    25 |       |       |       |       ||    72
       Leather armour    |       |       |    18 |       |       |       |       |       |       ||    18
       Chain mail        |       |       |       |   485 |  1022 |   313 |   497 |   835 |   375 ||  3527
       Ring mail         |       |       |       |       |       |   212 |       |       |       ||   212
       Scale mail        |       |       |       |       |       |       |       |     4 |       ||     4
       Quicksilver drago |       |       |       |       |       |       |       |       |   425 ||   425
Dodge: Dodged            |   106 |    77 |   179 |   460 |  1749 |  1270 |   997 |  1445 |  2545 ||  8828
Block: Buckler           |       |       |       |   118 |   775 |   461 |   444 |   548 |   682 ||  3028
       Rpst.: Long sword |       |       |    14 |    83 |       |       |       |       |       ||    97
       Scimitar          |       |       |       |    24 |   364 |       |       |       |       ||   388
